 Dungeon Sprint DCSS version 0.32-a0-928-g1cae6b7ea0 (webtiles) character file.

Game seed: 3802994381336179571

44987 Griffin23 the Slayer (level 13, -2/151 HPs)
             Began as a Minotaur Berserker on Apr 12, 2024.
             Was a Priest of Trog.
             Slain by a vampire knight
             ... wielding a +0 battleaxe
              (10 damage)
             ... while paralysed by a vampire knight
             ... in the Dungeon (Sprint IX: "|||||||||||||||||||||||||||||").
             The game lasted 00:24:29 (4514 turns).

Griffin23 the Slayer (Minotaur Berserker)           Turns: 4514, Time: 00:24:30

Health: -2/151     AC: 28    Str: 29    XL:     13   Next: 99%
Magic:  12/12      EV:  2    Int:  4    God:    Trog [***...]
Gold:   1700       SH:  0    Dex: 11    Spells: 12/12 levels left

rFire   . . .        a - +4 double sword (heavy)
rCold   . . .        (no shield)
rNeg    . . .        H - +2 plate armour
rPois   +            (helmet restricted)
rElec   .            F - scarf {shadows}
rCorr   .            G - +1 pair of gloves
SInv    .            y - +0 pair of boots
Will    .....        (no amulet) Stlth
                     B - ring of poison resistance
HPRegen 0.45/turn    o - +3 ring of strength
MPRegen 0.13/turn

%: no teleportation
@: paralysed, on berserk cooldown, hasted
A: horns 2, retaliatory headbutt
a: Renounce Religion, Berserk, Trog's Hand


You were in the Dungeon.
You worshipped Trog.
Trog was most pleased with you.
You visited 1 branch You collected 1925 gold pieces.
You spent 225 gold pieces at shops.

Inventory:

Hand Weapons
 a - a +4 heavy double sword (weapon)
 l - the +2 scimitar of Impatience {antimagic, rF++ Dex+5 Stlth-}
   (You found it in the Dungeon)

   Dex+5:     It affects your dexterity (+5).
   rF++:      It greatly protects you from fire.
   Stlth-:    It makes you less stealthy.
 q - a +8 antimagic great sword
 z - the +5 long sword of the Gnat {flame, rElec rF+ Str+3}
   (Trog gifted it to you in the Dungeon)

   Str+3:     It affects your strength (+3).
   rF+:       It protects you from fire.
   rElec:     It insulates you from electricity.
 A - a +3 antimagic triple sword
 K - a +9 great sword
Armour
 b - a +0 animal skin
 c - a +0 leather armour
 m - a +0 plate armour
 n - a +0 cloak
 y - a +0 pair of boots (worn)
 E - +0 shadow dragon scales
 F - a scarf of shadows (worn)
 G - a +1 pair of gloves (worn)
 H - a +2 plate armour (worn)
 I - +0 storm dragon scales
Jewellery
 o - a +3 ring of strength (right hand)
 p - a +3 ring of dexterity
 s - a ring of fire
 w - a ring of ice
 B - a ring of poison resistance (left hand)
 C - a ring of see invisible
 D - a ring of protection from cold
Scrolls
 t - 2 scrolls of enchant weapon
 u - 7 scrolls of enchant armour
 v - 2 scrolls of fear
 x - a scroll of revelation
 J - a scroll of identify
Potions
 d - 2 potions of heal wounds
 e - 4 potions of haste
 f - 4 potions of magic
 g - 2 potions of berserk rage
 i - a potion of invisibility
 j - 2 potions of curing
 r - a potion of might


   Skills:
 + Level 24.6 Fighting
 - Level 24.0 Long Blades
 + Level 24.3 Armour
 + Level 16.9 Dodging


You had 12 spell levels left.
You didn't know any spells.
Your spell library was empty.

Dungeon Overview and Level Annotations

Branches:
Dungeon (1/1)

Altars:
Cheibriados
Dithmenos
Elyvilon
Fedhas
Gozag
Hepliaklqana
Kikubaaqudgha
Makhleb
Nemelex Xobeh
Okawaru
Qazlal
Ru
Sif Muna
Trog
Uskayaw
Vehumet
Wu Jian
Xom
Yredelemnul
Zin
The Shining One
Beogh
Jiyva
Lugonu

Shops:
D !*(?


Innate Abilities, Weirdness & Mutations

You have a pair of horns on your head.
You reflexively headbutt those who attack you in melee.


Message History

As you read the scroll of fear, it crumbles to dust.
You assume a fearsome visage.
The stone giant looks frightened!
The fire giant resists with some effort.
You hear some strange, mumbled words.
You suddenly lose the ability to move!
Reactivating autopickup.
A vampire knight appears from thin air!
The fire giant completely misses you.
You can move again.
Unknown command.
Okay, then.
Welcome back, Griffin23 the Minotaur Berserker. [Dungeon Sprint] Trog says: Kill them all!
Press ? for a list of commands and other information.
Okay, then.
You feel much better.
The fire giant gestures at you while chanting.
The bolt of fire hits you!
* * * LOW HITPOINT WARNING * * *
The fire giant hits you but does no damage.
Okay, then.
Okay, then.
You aren't carrying any items that you can evoke.
You feel yourself speed up.
The stone giant seems to regain its courage.
The fire giant closely misses you. You furiously retaliate!
You headbutt the fire giant, but do no damage.
The vampire knight gestures at you while chanting.
The vampire knight blinks!
The vampire knight casts a spell at you.
You suddenly lose the ability to move!
You feel yourself speed up.
The vampire knight hits you but does no damage.
The vampire knight bites you but does no damage.
The fire giant hits you with a +0 great sword of flaming!
* * * LOW HITPOINT WARNING * * *
The fire giant burns you.
* * * LOW HITPOINT WARNING * * *
The vampire knight hits you with a +0 battleaxe!
You die...

▓▓▓▓▓▓▓▓▓▓▓▓▓▓▓▓▓▓▓▓▓▓▓▓▓▓▓
.....)))CCC@V.............▓
▓▓▓▓▓▓▓▓▓▓▓▓▓▓▓▓▓▓▓▓▓▓▓▓▓▓▓▓▓▓.▓
...............................▓
▓▓▓▓▓▓▓▓▓▓▓▓▓▓▓▓▓▓▓▓▓▓▓▓▓▓▓▓▓▓▓▓
...÷)).).......))..............▓
▓▓▓▓▓▓▓▓▓▓▓▓▓▓▓▓▓▓▓▓▓▓▓▓▓▓▓▓▓▓.▓
........)......................▓
▓▓▓▓▓▓▓▓▓▓▓▓▓▓▓▓▓▓▓▓▓▓▓▓▓▓▓▓▓▓▓▓
[[.[....)))))))).=...'.........▓


You could see a fire giant, a stone giant, a vampire knight (fast) and an ettin.

Vanquished Creatures
  A thorn hunter (D)
  Agnes (D)
  A frost giant (D)
  A fire giant (D)
  An iron dragon (D)
  A vampire knight (D)
  2 bunyips (D)
  A spark wasp (D)
  An entropy weaver (D)
  3 ettins (D)
  4 hydras (D)
  A merfolk impaler (D)
  3 centaur warriors (D)
  An alligator (D)
  2 deep troll shamans (D)
  A demonic crawler (D)
  A naga warrior (D)
  An occultist (D)
  4 orc high priests (D)
  A shock serpent (D)
  Nergalle (D)
  A skyshark (shapeshifter) (D)
  A spriggan druid (D)
  A pharaoh ant (D)
  A glowing orange brain (D)
  A swamp dragon (D)
  2 orc knights (D)
  A harpy (D)
  A manticore (D)
  A lindwurm (D)
  An orc sorcerer (D)
  A salamander (D)
  Joseph (D)
  2 meliai (D)
  A merfolk siren (D)
  4 black mambas (D)
  2 cane toads (D)
  A torpor snail (D)
  5 komodo dragons (D)
  A troll (D)
  A tyrant leech (D)
  A dream sheep (D)
  2 jumping spiders (D)
  A polar bear (D)
  A tarantella (D)
  A snapping turtle (D)
  A culicivora (D)
  A slime creature (D)
  A shadow (D)
  A wraith (D)
  4 yaks (D)
  A basilisk (D)
  A wyvern (D)
  Eustachio (D)
  A redback (D)
  2 water moccasins (D)
  An acid dragon (D)
  5 orc warriors (D)
  A laughing skull (D)
  A centaur (D)
  A hound (D)
  An orc priest (D)
  An iguana (D)
  2 orc wizards (D)
  A dart slug (D)
  13 orcs (D)
  A hobgoblin (D)
  A ball python (D)
  2 kobolds (D)
114 creatures vanquished.

Vanquished Creatures (collateral kills)
  A merfolk impaler (D)
  An ice dragon (D)
  A rakshasa (D)
  A vampire mage (D)
  2 orc high priests (D)
  A sea snake (D)
  A harpy (D)
  A cyclops (D)
  2 manticores (D)
  An orc sorcerer (D)
  2 naga magi (D)
  2 black mambas (D)
  A komodo dragon (shapeshifter) (D)
  A merfolk (D)
  A warg (D)
  3 hell hounds (D)
  4 wolves (D)
  6 orc warriors (D)
  An orc priest (D)
  An orc wizard (D)
  2 orcs (D)
36 creatures vanquished.

Grand Total: 150 creatures vanquished

Notes
Turn   | Place    | Note
-------+----------+-------------------------------------------
     0 | D        | Griffin23 the Minotaur Berserker began the quest for the
                  | Orb.
     0 | D        | Reached XP level 1. HP: 19/19 MP: 0/0
    10 | D        | Reached ** piety under Trog
    78 | D        | Noticed a water moccasin
    78 | D        | Noticed a hound
    78 | D        | Noticed an iguana
    81 | D        | Killed an iguana
    82 | D        | Reached skill level 5 in Fighting
    82 | D        | Reached XP level 2. HP: 23/29 MP: 1/1
    82 | D        | Reached XP level 3. HP: 30/36 MP: 2/2
    83 | D        | Reached *** piety under Trog
    84 | D        | Reached skill level 5 in Armour
    95 | D        | Killed a water moccasin
    96 | D        | Reached XP level 4. HP: 5/47 MP: 3/3
    96 | D        | Reached XP level 5. HP: 6/52 MP: 4/4
   282 | D        | Found a roughly hewn altar of Beogh.
   282 | D        | Found a snail-covered altar of Cheibriados.
   282 | D        | Found a shadowy altar of Dithmenos.
   282 | D        | Found a white marble altar of Elyvilon.
   282 | D        | Found a blossoming altar of Fedhas.
   282 | D        | Found an opulent altar of Gozag.
   283 | D        | Found a hazy altar of Hepliaklqana.
   284 | D        | Found a viscous altar of Jiyva.
   285 | D        | Found an ancient bone altar of Kikubaaqudgha.
   286 | D        | Found a corrupted altar of Lugonu.
   287 | D        | Found a burning altar of Makhleb.
   288 | D        | Found a sparkling altar of Nemelex Xobeh.
   289 | D        | Found an iron altar of Okawaru.
   290 | D        | Found a stormy altar of Qazlal.
   291 | D        | Found a sacrificial altar of Ru.
   292 | D        | Found a shimmering blue altar of Sif Muna.
   293 | D        | Found a bloodstained altar of Trog.
   294 | D        | Found a hide-covered altar of Uskayaw.
   295 | D        | Found a radiant altar of Vehumet.
   296 | D        | Found an ornate altar of the Wu Jian Council.
   297 | D        | Found a shimmering altar of Xom.
   298 | D        | Found a basalt altar of Yredelemnul.
   299 | D        | Found a glowing silver altar of Zin.
   300 | D        | Found a glowing golden altar of the Shining One.
   316 | D        | Got the +2 scimitar of Impatience {antimagic, rF++ Dex+5
                  | Stlth-}
   348 | D        | Noticed an acid dragon
   348 | D        | Noticed a centaur
   348 | D        | Noticed a yak
   348 | D        | Noticed a troll
   348 | D        | Noticed a shadow
   348 | D        | Noticed a yak
   357 | D        | Killed a yak
   358 | D        | Reached XP level 6. HP: 62/62 MP: 5/5
   361 | D        | Killed a shadow
   361 | D        | Reached **** piety under Trog
   369 | D        | Killed a troll
   370 | D        | Reached skill level 10 in Fighting
   370 | D        | Reached skill level 10 in Armour
   370 | D        | Reached XP level 7. HP: 17/73 MP: 6/6
   378 | D        | Killed a yak
   389 | D        | Reached ***** piety under Trog
   390 | D        | Reached skill level 15 in Long Blades
   390 | D        | Reached XP level 8. HP: 20/82 MP: 7/7
   579 | D        | Noticed a centaur warrior
   579 | D        | Noticed a slime creature
   579 | D        | Noticed a meliai
   586 | D        | Killed a meliai
   593 | D        | Killed a slime creature
   610 | D        | Killed a centaur warrior
   610 | D        | Received a gift from Trog
   611 | D        | Reached XP level 9. HP: 12/93 MP: 8/8
   889 | D        | Noticed Eustachio
   899 | D        | Killed Eustachio
   952 | D        | Noticed a komodo dragon
   952 | D        | Noticed a cane toad
   952 | D        | Noticed a komodo dragon
   954 | D        | Noticed a komodo dragon
   956 | D        | Noticed a black mamba
   959 | D        | Killed a komodo dragon
   961 | D        | Killed a cane toad
   965 | D        | Killed a komodo dragon
   968 | D        | Received a gift from Trog
   970 | D        | Killed a komodo dragon
   971 | D        | Reached XP level 10. HP: 104/104 MP: 3/9
   973 | D        | Killed a black mamba
   974 | D        | Reached ****** piety under Trog
  1093 | D        | Noticed a black mamba
  1093 | D        | Noticed a torpor snail
  1098 | D        | Killed a torpor snail
  1103 | D        | Received a gift from Trog
  1104 | D        | Reached skill level 15 in Fighting
  1104 | D        | Noticed a lindwurm
  1105 | D        | Noticed a cane toad
  1108 | D        | Reached skill level 15 in Armour
  1111 | D        | Killed a black mamba
  1115 | D        | Killed a lindwurm
  1122 | D        | Killed a cane toad
  1210 | D        | Received a gift from Trog
  1363 | D        | Noticed an orc high priest
  1376 | D        | Noticed a smoke demon
  1378 | D        | Identified the +5 long sword of the Gnat {flame, rElec rF+
                  | Str+3} (Trog gifted it to you in the Dungeon)
  1378 | D        | Received a gift from Trog
  1384 | D        | Noticed a soul eater
  1387 | D        | Reached XP level 11. HP: 74/114 MP: 3/10
  1387 | D        | Noticed an orc high priest
  1391 | D        | Noticed a sixfirhy
  1391 | D        | Killed an orc high priest
  1400 | D        | Killed an orc high priest
  1784 | D        | Noticed an orc knight
  1784 | D        | Noticed an orc knight
  1790 | D        | Killed an orc knight
  1801 | D        | Killed an orc knight
  1817 | D        | Received a gift from Trog
  2020 | D        | Found Eteo's Magic Scroll Boutique.
  2020 | D        | Noticed an orc high priest
  2024 | D        | Killed an orc high priest
  2028 | D        | Noticed an orc sorcerer
  2035 | D        | Found Miqim's Antique Weapon Shop.
  2036 | D        | Noticed an orc high priest
  2041 | D        | Noticed a soul eater
  2050 | D        | Killed an orc sorcerer
  2050 | D        | Received a gift from Trog
  2051 | D        | Found Olelleukou's Assorted Antiques.
  2056 | D        | Killed an orc high priest
  2057 | D        | Found Zipn's Distillery.
  2071 | D        | Noticed an orc high priest
  2076 | D        | Noticed a sixfirhy
  2077 | D        | Noticed a soul eater
  2086 | D        | Killed an orc high priest
  2326 | D        | Noticed an orc high priest
  2334 | D        | Noticed an orc sorcerer
  2336 | D        | Killed an orc high priest
  2338 | D        | Killed an orc sorcerer
  2343 | D        | Bought a potion of heal wounds for 115 gold pieces
  2352 | D        | Bought a potion of heal wounds for 55 gold pieces
  2352 | D        | Bought a potion of heal wounds for 55 gold pieces
  2758 | D        | Noticed a six-headed hydra
  2758 | D        | Noticed an eight-headed hydra
  2758 | D        | Noticed a centaur warrior
  2762 | D        | a cane toad changed into a harpy
  2762 | D        | Noticed a harpy (shapeshifter)
  2766 | D        | a harpy changed into a killer bee
  2769 | D        | Noticed a centaur warrior
  2783 | D        | Killed a four-headed hydra
  2784 | D        | Reached skill level 5 in Dodging
  2786 | D        | Killed a centaur warrior
  2787 | D        | Noticed a vampire mage
  2791 | D        | Killed a four-headed hydra
  2792 | D        | Reached XP level 12. HP: 117/129 MP: 5/11
  2792 | D        | Noticed a rakshasa
  2795 | D        | Killed a centaur warrior
  2804 | D        | Killed a vampire mage
  2804 | D        | Received a gift from Trog
  2805 | D        | Noticed an ice dragon
  2807 | D        | Killed a rakshasa
  2807 | D        | Noticed an ettin
  2809 | D        | Noticed an ettin
  2818 | D        | Killed an ice dragon
  2819 | D        | Noticed a vampire knight
  2821 | D        | Killed an ettin
  2825 | D        | Killed an ettin
  2832 | D        | Reached skill level 10 in Dodging
  2840 | D        | Killed a vampire knight
  3116 | D        | Noticed Nergalle
  3120 | D        | Killed Nergalle
  3120 | D        | Identified the +10 short sword of Painful Death {flame, rF+
                  | Str+3} (Trog gifted it to you in the Dungeon)
  3120 | D        | Received a gift from Trog
  3127 | D        | Noticed Agnes
  3135 | D        | Killed Agnes
  3210 | D        | Noticed Joseph
  3220 | D        | Killed Joseph
  3262 | D        | Noticed an entropy weaver
  3267 | D        | Received a gift from Trog
  3268 | D        | Noticed a demonic crawler
  3270 | D        | Killed an entropy weaver
  3283 | D        | Killed a demonic crawler
  3524 | D        | Noticed a merfolk impaler
  3528 | D        | Killed a merfolk impaler
  3529 | D        | Reached XP level 13. HP: 145/145 MP: 12/12
  3531 | D        | Received a gift from Trog
  3533 | D        | Noticed a merfolk impaler
  3554 | D        | Killed a merfolk impaler
  3763 | D        | Noticed a thorn hunter
  3763 | D        | Noticed a bunyip
  3768 | D        | Killed a bunyip
  3775 | D        | Killed a thorn hunter
  3775 | D        | Noticed a bunyip
  3780 | D        | Received a gift from Trog
  3785 | D        | Killed a bunyip
  3987 | D        | Reached skill level 15 in Dodging
  3994 | D        | Received a gift from Trog
  3999 | D        | HP: 6/148 [naga mage/+0 spear (8)]
  4006 | D        | HP: 2/148 [shock serpent/bolt of electricity (4)]
  4014 | D        | Received a gift from Trog
  4461 | D        | Noticed an ettin
  4461 | D        | Noticed a broodmother
  4461 | D        | Noticed a spark wasp
  4461 | D        | a broodmother changed into a glowing shapeshifter
  4467 | D        | Killed a spark wasp
  4470 | D        | Noticed a fire giant
  4472 | D        | Killed an ettin
  4476 | D        | Noticed a frost giant
  4480 | D        | Killed a fire giant
  4480 | D        | Identified the +7 halberd of Fisel {flame, rPois rF- Str+2}
                  | (Trog gifted it to you in the Dungeon)
  4480 | D        | Received a gift from Trog
  4484 | D        | Noticed an iron dragon
  4485 | D        | Killed a frost giant
  4489 | D        | Noticed a vampire knight
  4493 | D        | Noticed an ettin
  4494 | D        | Killed an iron dragon
  4495 | D        | Noticed a fire giant
  4503 | D        | HP: 2/151 [something (18)]
  4504 | D        | Noticed a stone giant
  4507 | D        | Paralysed by something for 3 turns
  4512 | D        | Paralysed by a vampire knight for 5 turns
  4513 | D        | HP: 7/151 [fire giant/+0 great sword of flaming (4)]
  4514 | D        | Slain by a vampire knight

Illustrated notes

Levels and vault maps discovered:
D:        linesprint [early_d, line_temple, items_1, d_10, items_2, lair_1,
          lair_end, items_3, orc_1, orc_end, items_4, d_15, swamp_1, shoals_1,
          snake_1, spider_1, d_20, vaults_1, items_5, swamp_end, shoals_end,
          snake_end, spider_end, vaults_end, d_27, items_6, zot_1, zot_end,
          crypt_end, forest_end, elf_end, slime_end, tomb_end, abyss_end,
          pan_hell_end]

Skill      XL: |  1  2  3  4  5  6  7  8  9 10 11 12 13 |
---------------+----------------------------------------+-----
Fighting       | 5 7 8 10 11 13 14 16 18 21 24 | 24.6
Long Blades    | 6 9 11 13 15 17 19 22 24 | 24.0
Armour         | 4 6 8 10 12 14 16 18 21 24 | 24.3
Dodging        | 6 12 16 | 16.9

Action                     |  1- 3 |  4- 6 |  7- 9 | 10-12 | 13-15 || total
---------------------------+-------+-------+-------+-------+-------++-------
  Melee: Falchion          |    25 |    21 |    41 |       |       ||    87
         Headbutt          |     2 |     3 |    18 |    46 |    17 ||    86
         Great sword       |       |       |    23 |   118 |       ||   141
         Long sword        |       |       |       |    44 |       ||    44
         Double sword      |       |       |       |    37 |    69 ||   106
 Invoke: Berserk           |     2 |     1 |     2 |     7 |     3 ||    15
         Brothers in Arms  |       |       |       |    12 |     9 ||    21
         Trog's Hand       |       |       |       |       |     1 ||     1
  Evoke: Wand              |       |       |     1 |     7 |     2 ||    10
    Use: Potion            |     1 |       |     2 |     5 |    10 ||    18
         Scroll            |       |       |       |     1 |     3 ||     4
   Stab: Invisible         |       |       |       |     3 |     4 ||     7
 Armour: Animal skin       |    15 |     1 |       |       |       ||    16
         Plate armour      |       |    18 |    69 |   201 |   128 ||   416
  Dodge: Dodged            |     9 |     6 |    24 |    72 |    33 ||   144

Table legend: (Time is in decaauts)
 A = Elapsed time spent in this place.
 B = Non-inter-level travel time spent in this place.
 C = Inter-level travel time spent in this place.
 D = Time resting spent in this place.
 E = Time spent auto-exploring this place.
 F = Levels seen in this place.
 G = Mean time per level.
                   A        B        C        D        E       F      G
               +--------+--------+--------+--------+--------+-----+--------+
         Total |   4548 |   4548 |      0 |   2843 |      8 |   1 | 4548.0 |
       Dungeon |   4548 |   4548 |      0 |   2843 |      8 |   1 | 4548.0 |
               +--------+--------+--------+--------+--------+-----+--------+

Top non-repeatable levels by time:
       D: 4548 daAuts
